 Dungeon Crawl Stone Soup version 0.30-a0-937-ga0a21ad780 (webtiles) character file.

Game seed: 8449268811349443664

18 FexLirch the Digger (level 3, -1/26 HPs)
             Began as a Meteoran Earth Elementalist on Mar 24, 2023.
             Killed by nerve-wracking pain
             ... invoked by an orc priest
              (11 damage)
             ... on level 2 of the Dungeon.
             The game lasted 00:01:57 (248 turns).

FexLirch the Digger (Meteoran Earth Elementalist)    Turns: 248, Time: 00:01:58

Health: -1/26      AC:  3    Str:  9    XL:     3   Next: 5%
Magic:  7/8        EV: 12    Int: 19    God:
Gold:   45         SH:  0    Dex: 14    Spells: 5/8 levels left

rFire   . . .      SeeInvis .    h - +0 short sword
rCold   . . .      Faith    .    (no shield)
rNeg    . . .      Spirit   .    a - +0 robe
rPois   .          Reflect  .    (no helmet)
rElec   .          Rampage  .    (no cloak)
rCorr   .                        g - +0 pair of gloves
Will    .....                    (no boots)
Stlth   +                        (no amulet)
HPRegen 0.24/turn                (no ring)
MPRegen 0.11/turn                (no ring)

@: glowing
A: sense surroundings 1, otherworldly, glowing, explore regen
a: no special abilities


You were on level 2 of the Dungeon.
You visited 1 branch of the dungeon, and saw 3 of its levels.

You collected 45 gold pieces.

Inventory:

Hand Weapons
 h - a +0 short sword (weapon)
Missiles
 c - 6 stones
 f - 2 poisoned darts
Armour
 a - a +0 robe (worn)
 g - a +0 pair of gloves (worn)
Scrolls
 e - a scroll of identify {unknown}
Potions
 b - a potion of magic
 i - a potion of degeneration {unknown}


   Skills:
 - Level 2.4 Dodging
 - Level 1.4 Stealth
 + Level 3.2 Spellcasting
 + Level 1.3 Conjurations
 - Level 1.2 Transmutations
 + Level 4.0 Earth Magic


You had 5 spell levels left.
You knew the following spells:

 Your Spells              Type           Power      Damage    Failure   Level
a - Sandblast             Erth           36%        2d10      2%          1
b - Passwall              Tmut/Erth      10%        N/A       8%          2

Your spell library contained the following spells:

 Spells                   Type           Power      Damage    Failure   Level
 Stone Arrow              Conj/Erth      26%        3d8       14%         3
 Petrify                  Tmut/Erth      13%        N/A       45%         4


Dungeon Overview and Level Annotations

Branches:
Dungeon (3/15) Zot: 1540

Altars:


Innate Abilities, Weirdness & Mutations

You passively map a small area around you.
You are easily found by Zot.
You glow in the dark.
You regain HP and MP as you explore.


Message History

The blast of sand misses the bat.
The bat hits you but does no damage. The bat closely misses you.
The bat misses you.
The blast of sand hits the bat!
You kill the bat!
You have reached level 3!
Your experience leads to an increase in your attributes!
Increase (S)trength, (I)ntelligence, or (D)exterity?
You feel clever. x3
The blast of sand misses the giant cockroach.
The giant cockroach misses you.
The blast of sand hits the giant cockroach!
You kill the giant cockroach!
You can't see any susceptible monsters within range! (Use Z to cast anyway.)
You see here a giant cockroach corpse.
Found 5 stones.
An orc priest comes into view. It is wielding a +0 club.
The orc priest shouts!
The orc priest moves out of view.
The orc priest calls down the wrath of Beogh upon you.
Beogh smites you!
You hear a shout!
You see here 4 gold pieces.
An orc priest, an orc wizard and an orc come into view.
The orc priest shouts!
The orc wizard shouts!
The orc shouts!
The orc priest calls down the wrath of Beogh upon you.
Beogh smites you!
* * * LOW HITPOINT WARNING * * *
The orc priest miscasts a cantrip.
You see here a giant cockroach corpse.
The orc wizard casts a spell at you.
You are confused.
You're too confused to move!
You bump into the rock wall.
The orc wizard mumbles some strange words.
The orc wizard flickers and vanishes!
Deactivating autopickup; reactivate with Ctrl-A.
It was a potion of curing.
You feel better. Something hits you.
The orc priest mumbles some strange prayers to Beogh against you.
Pain shoots through your body!
You die...

##........## *##
#..........###.., ,
#..............#...
#<............##.., *
#................ ####
,, #..........###..#
...# #!.........†##
##.##...#
#####........###......(#
##...###@†......... ,
#...#.....{.....#.
*#?###.....oo...$#, *
............o....# ..
.#########....# ,
.......# , , *
,*...#.....# ..... ,
oo....$..# ...., ,
,..o....###


You could see 2 orc priests and an orc.

Vanquished Creatures
  2 bats
  An endoplasm (D:1)
  2 giant cockroaches
  3 goblins
  A hobgoblin (D:2)
  A quokka (D:3)
  3 kobolds
  3 rats
16 creatures vanquished.

Notes
Turn   | Place    | Note
-------+----------+-------------------------------------------
     0 | D:1      | FexLirch the Meteoran Earth Elementalist began the quest
                  | for the Orb.
     0 | D:1      | Reached XP level 1. HP: 14/14 MP: 5/5
    47 | D:1      | Found a faded altar of an unknown god.
    55 | D:1      | Reached XP level 2. HP: 20/20 MP: 4/6
    63 | D:1      | You fall into a shaft and drop 1 floor!
    82 | D:2      | Learned a level 2 spell: Passwall
   107 | D:2      | Reached skill level 1 in Conjurations
   181 | D:2      | You fall into a shaft and drop 1 floor!
   195 | D:3      | Reached skill level 4 in Earth Magic
   230 | D:2      | Reached XP level 3. HP: 26/26 MP: 5/8
   248 | D:2      | Killed from afar by an orc priest

Illustrated notes

Levels and vault maps discovered:
D:1:      dpeg_arrival_stone_temple_mockup, layout_basic, basic_ecumenical_altar
D:2:      cheibrodos_pilgrimage, layout_rooms, kennysheep_generic_room_12
D:3:      cheibrodos_old_hovel, layout_loops_ring, minmay_misc_feat_x,
          nicolae_kite_square_tiling_tiny, chequers_garden, uniq_sigmund

Skill      XL: |  1  2 |
---------------+-------+-----
Spellcasting   | 3 |  3.2
Conjurations   | 1 |  1.3
Earth Magic    | 4 |  4.0
Dodging        | |  2.4
Stealth        | |  1.4
Transmutations | |  1.2

Action                     || total
---------------------------++-------
  Melee: Unarmed           ||     1
   Cast: Sandblast         ||    22
         Passwall          ||     2
    Use: Potion            ||     1
 Armour: Robe              ||     5
  Dodge: Dodged            ||    12

Table legend: (Time is in decaauts)
 A = Elapsed time spent in this place.
 B = Non-inter-level travel time spent in this place.
 C = Inter-level travel time spent in this place.
 D = Time resting spent in this place.
 E = Time spent auto-exploring this place.
 F = Levels seen in this place.
 G = Mean time per level.
                   A        B        C        D        E       F      G
               +--------+--------+--------+--------+--------+-----+--------+
         Total |    258 |    258 |      0 |      0 |      0 |   3 |   86.0 |
       Dungeon |    258 |    258 |      0 |      0 |      0 |   3 |   86.0 |
               +--------+--------+--------+--------+--------+-----+--------+

Top non-repeatable levels by time:
     D:2: 157 daAuts
     D:1: 65 daAuts
     D:3: 36 daAuts
